 Dungeon Crawl Stone Soup version 0.21-a0 (webtiles) character file.

70 polly the Ruffian (level 4, 0/51 HPs)
             Began as a Demonspawn Gladiator on May 18, 2017.
             Slain by Sigmund
             ... wielding a +0 scythe
              (3 damage)
             ... on level 2 of the Dungeon.
             The game lasted 00:01:32 (1233 turns).

polly the Ruffian (Demonspawn Gladiator)            Turns: 1233, Time: 00:01:32

Health: 0/51       AC: 22    Str: 16    XL:     4   Next: 4%
Magic:  4/4        EV:  2    Int:  9    God:
Gold:   68         SH:  0    Dex: 14    Spells: 3/3 levels left

rFire    . . .     SeeInvis .     - Unarmed
rCold    . . .     Gourm    .   (no shield)
rNeg     + + +     Faith    .   (armour currently unavailable)
rPois    +         Spirit   .   (helmet currently unavailable)
rElec    .         Reflect  .   (cloak currently unavailable)
rCorr    .         Harm     .   (gloves currently unavailable)
MR       .....     NoTele   +   (boots currently unavailable)
Stlth    +.........             (no amulet)
Regen    0.2/turn               (no ring)
MPRegen  0.1/turn               (no ring)

@: tree-form (expiring)
A: rot immunity
a: no special abilities


You were on level 2 of the Dungeon.
You were very hungry.
You were a tree.
You visited 1 branch of the dungeon, and saw 2 of its levels.

You collected 68 gold pieces.

Inventory:

Missiles
 c - a throwing net (quivered)
Armour
 a - a +0 leather armour (melded)
 b - a +0 helmet (melded)
Jewellery
 g - an uncursed ring of protection from cold {unknown}
Scrolls
 e - 3 scrolls of identify {unknown}
 f - a scroll of fog {unknown}
 j - a scroll of fear {unknown}
 k - 2 scrolls of noise {unknown}
 m - a scroll of magic mapping {unknown}
Potions
 h - a potion of curing {unknown}
 l - a potion of berserk rage {unknown}
Comestibles
 d - 3 bread rations
 i - a meat ration


   Skills:
 + Level 2.4 Fighting
 + Level 1.8 Throwing
 + Level 1.3 Armour
 + Level 2.9 Dodging
 + Level 0.2 Stealth
 + Level 3.6 Unarmed Combat


You had 3 spell levels left.
You didn't know any spells.

Dungeon Overview and Level Annotations

Branches:
Dungeon (2/15)

Altars:
Cheibriados
Wu Jian

Annotations:
D:2 Sigmund


Innate Abilities, Weirdness & Mutations

You are immune to rotting.


Message History

You swing at nothing.
You swing at nothing.
Something hits you but does no damage. Jessica hits you but does no damage.
You swing at nothing.
Jessica hits you but does no damage.
You swing at nothing.
You hear some strange, mumbled words.
A puff of flame appears from out of thin air!
The puff of flame hits you!
* * * LOW HITPOINT WARNING * * *
Jessica barely misses you.
You hit Jessica.
Jessica is heavily wounded.
Something hits you but does no damage.
You smack Jessica!
You kill Jessica!
Your Armour skill increases to level 1!
You have reached level 4!
You feel stronger. Something hits you.
You die...

≈.≈≈.## #l#
≈≈≈≈.## #.#
≈≈≈...#### #.#
....#..... #.#
......##########)#
....#....#.....#l#
.#.#####...###.#{#
....#....###
#.#.###..#
###.#.####
#..♣[....# #.#.#
###......%. #...#
######.##
##.######### #
#.....(...§
###########


You could see a leopard gecko.

Vanquished Creatures
  Jessica (D:2)
  A gnoll (D:1)
  A worm (D:2)
  3 dart slugs
  3 giant cockroaches
  2 hobgoblins
  A ball python (D:1)
  5 bats
  4 frilled lizards
  3 goblins
  A kobold (D:1)
  6 rats
31 creatures vanquished.

Notes
Turn   | Place    | Note
-------+----------+-------------------------------------------
     0 | D:1      | polly the Demonspawn Gladiator began the quest for the Orb.
     0 | D:1      | Reached XP level 1. HP: 16/16 MP: 1/1
   368 | D:1      | Reached skill level 3 in Unarmed Combat
   406 | D:1      | Gained mutation: You are immune to rotting. [demonic ancestry]
   406 | D:1      | Reached XP level 2. HP: 22/22 MP: 2/2
   983 | D:1      | Reached XP level 3. HP: 26/28 MP: 3/3
  1071 | D:2      | Found an ornate altar of the Wu Jian Council.
  1156 | D:2      | Found a snail-covered altar of Cheibriados.
  1176 | D:2      | Noticed Jessica
  1198 | D:2      | Noticed Sigmund
  1231 | D:2      | HP: 2/42 [something/puff of flame (8)]
  1233 | D:2      | Killed Jessica
  1233 | D:2      | Reached skill level 1 in Armour
  1233 | D:2      | Reached XP level 4. HP: 2/34 MP: 4/4
  1233 | D:2      | Slain by Sigmund

Vault maps used:
D:1:      dpeg_arrival_simpleton_c
D:2:      overflow_temple_1_default, kennysheep_slug_shrine, first_bread,
          uniq_sigmund, uniq_jessica

Skill      XL: |  1  2  3 |
---------------+----------+-----
Unarmed Combat | 3 |  3.6
Armour         | 1 |  1.3
Fighting       | |  2.4
Throwing       | |  1.8
Dodging        | |  2.9
Stealth        | |  0.2

Action                   |  1- 3 |  4- 6 || total
-------------------------+-------+-------++-------
Melee: Unarmed           |   139 |       ||   139
       Punch             |     1 |       ||     1
Throw: Throwing net      |     2 |       ||     2
Armor: Leather armour    |    46 |       ||    46
       Skin              |     5 |       ||     5
Dodge: Dodged            |    74 |       ||    74
